 Dungeon Crawl Stone Soup version 0.29.1-1-gd02db6906a (webtiles) character file.

Game seed: 10568668468676879924

207 safid the Shooter (level 5, -1/45 HPs)
             Began as a Minotaur Hunter on Oct 14, 2022.
             Slain by Pikel
             ... wielding a +2 whip of freezing
              (4 damage)
             ... on level 4 of the Dungeon.
             The game lasted 00:02:35 (2630 turns).

safid the Shooter (Minotaur Hunter)                 Turns: 2630, Time: 00:02:35

Health: -1/45      AC:  3    Str: 15    XL:     5   Next: 54%
Magic:  0/4        EV: 12    Int:  6    God:
Gold:   177        SH:  0    Dex: 16    Spells: 4/4 levels left

rFire   . . .      SeeInvis .   a - +0 shortbow
rCold   . . .      Faith    .   (shield currently unavailable)
rNeg    . . .      Spirit   +   c - +0 leather armour
rPois   .          Reflect  .   (helmet restricted)
rElec   .          Harm     .   (no cloak)
rCorr   .          Rampage  .   (no gloves)
Will    .....                   (no boots)
Stlth   +.........              t - amulet of guardian spirit
HPRegen 0.15/turn               h - ring of flight
MPRegen 0.09/turn               (no ring)

@: flying
A: horns 2, retaliatory headbutt
a: no special abilities


You were on level 4 of the Dungeon.
You visited 1 branch of the dungeon, and saw 4 of its levels.

You collected 177 gold pieces.

Inventory:

Hand Weapons
 a - a +0 shortbow (weapon)
Armour
 c - a +0 leather armour (worn)
Jewellery
 h - a ring of flight (left hand)
 t - an amulet of guardian spirit (around neck)
Scrolls
 b - 2 scrolls of immolation
 e - a scroll of fear {unknown}
 i - a scroll of enchant weapon {unknown}
 k - a scroll of amnesia {unknown}
 l - a scroll of torment {unknown}
 q - 2 scrolls of noise {unknown}
 r - a scroll of acquirement {unknown}
 s - 2 scrolls of teleportation {unknown}
 v - a scroll of identify {unknown}
Potions
 d - 2 potions of attraction {unknown}
 f - 4 potions of curing {unknown}
 g - a potion of lignification {unknown}
 j - 4 potions of heal wounds {unknown}
 m - a potion of magic {unknown}
 n - a potion of might {unknown}
 o - a potion of resistance {unknown}
 p - a potion of haste {unknown}
 u - a potion of flight {unknown}


   Skills:
 - Level 3.0 Fighting
 + Level 7.4 Ranged Weapons
 - Level 2.1 Dodging
 - Level 0.7 Stealth


You had 4 spell levels left.
You didn't know any spells.
Your spell library contained the following spells:

 Spells                   Type           Power      Damage    Failure   Level
 Necrotise                Necr           0%         1d4       52%         1
 Static Discharge         Conj/Air       0%         3-3/arc   67%         2
 Vampiric Draining        Necr           0%         2d6       88%         3
 Dispel Undead            Necr           0%         3d6       99%         4
 Leda's Liquefaction      Hex/Erth       0%         N/A       99%         4
 Sticky Flame             Conj/Fire      0%         2d3       99%         4
 Agony                    Necr           0%         N/A       100%        5
 Lee's Rapid Deconstruct  Erth           0%         3d5*      100%        5
 Statue Form              Tmut/Erth      0%         N/A       100%        6


Dungeon Overview and Level Annotations

Branches:
Dungeon (4/15)             Temple (0/1) D:4

Altars:

Annotations:
D:4 Pikel


Innate Abilities, Weirdness & Mutations

You have a pair of horns on your head.
You reflexively headbutt those who attack you in melee.


Message History

Pikel is severely wounded.
Pikel hits you with a +2 whip of freezing!
Pikel freezes you.
You are too injured to fight recklessly!
You are too injured to fight recklessly!
You are too injured to fight recklessly!
You are too injured to fight recklessly!
Fire: a) +0 shortbow
Press: ? - help, Q - select action Shift-Dir - straight line, f/p - Pikel
Aim: Pikel, wielding a +2 whip of freezing and wearing a +0 robe (severely wounded, 58% to hit)
You shoot an arrow. The arrow closely misses Pikel.
The arrow hits the lemure!
You kill the lemure!
That felt strangely unrewarding.
Pikel hits you with a +2 whip of freezing.
Pikel freezes you.
Fire: a) +0 shortbow
Press: ? - help, Q - select action Shift-Dir - straight line, f/p - Pikel
Aim: Pikel, wielding a +2 whip of freezing and wearing a +0 robe (severely wounded, 58% to hit)
You shoot an arrow. The arrow barely misses Pikel.
The arrow hits the lemure.
The lemure is lightly wounded.
Pikel hits you but does no damage.
Pikel hits you with a +2 whip of freezing.
* * * LOW HITPOINT WARNING * * *
Pikel freezes you.
* * * LOW HITPOINT WARNING * * *
Fire: a) +0 shortbow
Press: ? - help, Q - select action Shift-Dir - straight line, f/p - Pikel
Aim: Pikel, wielding a +2 whip of freezing and wearing a +0 robe (severely wounded, 58% to hit)
You shoot an arrow. The arrow hits Pikel.
Pikel is severely wounded.
Pikel closely misses you.
Fire: a) +0 shortbow
Press: ? - help, Q - select action Shift-Dir - straight line, f/p - Pikel
Aim: Pikel, wielding a +2 whip of freezing and wearing a +0 robe (severely wounded, 58% to hit)
You shoot an arrow. The arrow hits Pikel.
Pikel is severely wounded.
Pikel hits you with a +2 whip of freezing!
* * * LOW HITPOINT WARNING * * *
Pikel freezes you.
You die...

####.# #.########.# #........
##)...####.# #.###.#######
##)###......# #.....# ##.##
##.##### ####### )..# #.# ##.##
##.## ####### ....###.#.##
#.....########
####...###.#########.....#.......
#.#.....#...5K@........#.######
##..###..#########..........#
##.# #..... #..........# #.#
#.#### ###.##.....# ... ..
#.##.....# ##.KPP #.##.....# 5P>.
#.####.### .5.. #. #.# #.#


You could see Pikel and a lemure.

Vanquished Creatures
  A lemure (D:4)
  A phantom (D:3)
  An orc wizard (D:4)
  A gnoll (D:1)
  4 adders
  2 worms (D:3)
  3 dart slugs
  3 orcs
  5 endoplasms
  A giant cockroach (D:2)
  2 goblins
  5 hobgoblins
  3 kobolds
  4 quokkas
  7 ball pythons
  5 bats
  2 frilled lizards
  2 rats
52 creatures vanquished.

Vanquished Creatures (others)
  A plant (D:4)
1 creature vanquished.

Grand Total: 53 creatures vanquished

Notes
Turn   | Place    | Note
-------+----------+-------------------------------------------
     0 | D:1      | safid the Minotaur Hunter began the quest for the Orb.
     0 | D:1      | Reached XP level 1. HP: 18/18 MP: 0/0
   103 | D:1      | Reached XP level 2. HP: 25/25 MP: 1/1
   232 | D:1      | Reached skill level 5 in Ranged Weapons
   302 | D:1      | Reached XP level 3. HP: 31/31 MP: 2/2
  1234 | D:2      | Reached XP level 4. HP: 38/38 MP: 3/3
  1419 | D:2      | Found a faded altar of an unknown god.
  1653 | D:3      | Reached skill level 6 in Ranged Weapons
  1828 | D:3      | Noticed a phantom
  1835 | D:3      | Killed a phantom
  1836 | D:3      | Reached XP level 5. HP: 45/45 MP: 4/4
  1994 | D:3      | Reached skill level 7 in Ranged Weapons
  2606 | D:4      | Found a staircase to the Ecumenical Temple.
  2607 | D:4      | Noticed a lemure
  2608 | D:4      | Noticed a lemure
  2609 | D:4      | Noticed a lemure
  2611 | D:4      | Noticed Pikel
  2611 | D:4      | Noticed a lemure
  2627 | D:4      | Killed a lemure
  2630 | D:4      | Slain by Pikel

Illustrated notes

Levels and vault maps discovered:
D:1:      minmay_arrival_pointy, layout_loops_ring
D:2:      layout_basic, dreamdust_ecumenical_altar_angels_and_demons,
          nicolae_figureground_sparkle
D:3:      layout_loops_ring, hangedman_decor_peaks_small, st_stairs_10
D:4:      layout_loops_ring, minmay_temple_entry_overgrown, uniq_pikel

Skill      XL: |  1  2  3  4  5 |
---------------+----------------+-----
Fighting       | 3 |  3.0
Ranged Weapons | 5 6 7 |  7.4
Dodging        | |  2.1
Stealth        | |  0.7

Action                   |  1- 3 |  4- 6 || total
-------------------------+-------+-------++-------
 Fire: Shortbow          |    78 |    67 ||   145
Armor: Leather armour    |     6 |     4 ||    10
Dodge: Dodged            |    17 |    13 ||    30
